Description

AI beat a crap out of me. Learning

Replay - Newkirk Precinct TE (Void) ai harder

Build Order

Get SALT Encoding   

  12  0:00  SCV  
  13  0:13  SCV  
  14  0:20  Supply Depot  
  14  0:25  SCV  
  15  0:42  SCV  
  16  0:44  Barracks  
  16  0:49  Refinery  
  16  0:54  SCV  
  17  1:06  SCV  
  18  1:18  SCV  
  18  1:20  Supply Depot  
  19  1:31  SCV  
  19  1:32  Marine  
  21  1:41  Barracks  
  21  1:44  Orbital Command  
  21  1:50  Refinery  
  21  1:51  Barracks Tech Lab  
  21  2:09  Marine, Supply Depot  
  22  2:27  Marauder, Marine  
  25  2:45  Marine  
  25  2:49  Marauder  
  25  2:50  Supply Depot  
  28  3:03  Marine  
  30  3:05  SCV  
  30  3:10  Marauder  
  32  3:16  Engineering Bay  
  32  3:17  SCV  
  33  3:21  Marine  
  33  3:24  Supply Depot  
  34  3:29  SCV  
  34  3:31  Marauder  
  37  3:39  Marine  
  38  3:42  SCV  
  39  3:52  Marine  
  39  3:54  SCV  
  41  3:57  Marine  
  42  4:06  SCV  
  43  4:11  Marauder  
  45  4:47  Stimpack, Barracks Tech Lab  
  45  4:50  Factory  
  45  4:52  Factory  
  45  4:54  Supply Depot  
  45  4:55  Command Center  
  45  5:12  Combat Shields  
  45  5:24  Terran Infantry Weapons Level 1  
  45  5:33  Widow Mine  
  45  5:35  Factory Tech Lab  
  39  5:37  Starport  
  39  5:39  Starport  
  39  5:40  Marine  
  40  5:46  Marine  
  41  5:57  Marine  
  41  6:03  Factory Tech Lab  
  42  6:04  Marine  
  42  6:06  Siege Tank  
  42  6:07  SCV  
  42  6:08  SCV  
  48  6:15  Marine  
  48  6:16  Starport Tech Lab x2, Refinery  
  49  6:20  SCV x2  
  49  6:21  Siege Tank  
  54  6:30  Concussive Shells  
  54  6:32  SCV  
  55  6:33  SCV  
  55  6:38  Siege Tank  
  59  6:44  SCV  
  59  6:45  SCV  
  61  6:53  Widow Mine  
  63  6:56  SCV  
  63  6:58  SCV  
  65  7:01  Raven  
  65  7:05  Missile Turret  
  65  7:08  SCV  
  68  7:10  SCV  
  68  7:14  Supply Depot  
  69  7:18  Terran Infantry Armor Level 1  
  69  7:19  Missile Turret  
  69  7:20  SCV  
  69  7:22  SCV  
  71  7:26  Raven  
  71  7:29  Missile Turret  
  73  7:32  SCV  
  73  7:33  Missile Turret  
  73  7:34  SCV  
  75  7:42  Bunker  
  75  7:44  SCV  
  75  7:47  SCV  
  75  7:51  Sensor Tower  
  77  7:54  Supply Depot  
  77  7:56  SCV  
  78  7:59  SCV  
  78  8:01  Bunker  
  79  8:08  Armory, SCV  
  79  8:11  SCV  
  80  8:17  Barracks  
  80  8:20  SCV  
  81  8:29  Marauder  
  74  8:35  Marine  
  74  8:40  Hellion  
  75  8:45  Factory  
  74  8:50  Marine, Starport  
  74  8:51  Command Center  
  74  8:53  Marauder  
  77  9:05  Barracks Reactor  
  77  9:07  Hellion  
  77  9:08  Marine  
  80  9:11  Siege Tank  
  80  9:13  Supply Depot  
  80  9:15  Marine, Medivac  
  86  9:18  Medivac  
  88  9:25  Marine  
  88  9:26  Starport Reactor  
  88  9:28  Refinery  
  88  9:29  Factory Tech Lab  
  89  9:33  Marine  
  89  9:37  Supply Depot  
  86  9:42  Marine  
  86  9:43  Marine  
  86  9:45  Medivac  
  90  9:46  Marine  
  90  9:51  Hellion  
  93  9:54  Raven  
  93  9:56  Hellion  
  93  9:59  Marine  
Spawning Tool Build Advisor. Get it on Overwolf

Go to:

Details

  • Created by: nixlim
  • Published on: Dec 10, 2016
  • Modified on: Dec 10, 2016
  • Patch: 3.8.0
Show
View Real Time Build Order
Export as new Build Order

Comments (1)

On Jan. 24, 2017, 6:56 p.m., DamnPhotons  said:

Build orders that work against AI don't necessarily translate to good orders for player versus player. This build order is vastly different from anything high level terrans are playing in TvT right now and I would strongly discourage any new players from trying to copy this build.

Create an account to comment!